 Dungeon Crawl Stone Soup version 0.20-a0-633-gff4aa5c (webtiles) character file.

1190 FrankyJ the Magician (level 8, -7/36 HPs)
             Began as a Spriggan Conjurer on Feb 11, 2017.
             Shot with an arrow by a centaur (10 damage)
             ... on level 6 of the Dungeon.
             The game lasted 00:23:12 (7941 turns).

FrankyJ the Magician (Spriggan Conjurer)            Turns: 7941, Time: 00:23:13

Health: -7/36      AC:  3    Str:  4    XL:     8   Next: 19%
Magic:  19/19      EV: 18    Int: 18    God:
Gold:   291        SH:  0    Dex: 17    Spells: 11/21 levels left

rFire    . . .     SeeInvis +   u - +6 flail "Iplyih" {flame, +Rage MR+}
rCold    . . .     Gourm    +   a - +1 robe
rNeg     . . .     Faith    .   (shield restricted)
rPois    .         Spirit   .   (helmet restricted)
rElec    .         Reflect  .   (no cloak)
rCorr    +         Harm     .   (gloves unavailable)
MR       +++..                  (boots unavailable)
Stlth    ++........             k - amulet of the gourmand
Regen    0.2/turn               o - ring of resist corrosion
                                f - ring of protection from magic

@: very quick
A: unfitting armour, see invisible, herbivore 3, speed 3, slow metabolism 2
a: Evoke Berserk Rage


You were on level 6 of the Dungeon.
You were not hungry.

You visited 1 branch of the dungeon, and saw 6 of its levels.

You collected 291 gold pieces.

Inventory:

Hand Weapons
 e - a +1 dagger
 u - the +6 flail "Iplyih" (weapon) {flame, +Rage MR+}
   (You found it on level 4 of the Dungeon)

   It has been specially enchanted to burn those struck by it, causing extra
   injury to most foes and up to half again as much damage against particularly
   susceptible opponents.
   It affects your resistance to hostile enchantments.
   It lets you go berserk.
 y - a +0 hand axe of venom
Missiles
 r - 6 tomahawks (quivered)
Armour
 a - a +1 robe (worn)
Jewellery
 f - a ring of protection from magic (left hand)
 k - an amulet of the gourmand (around neck)
 o - a ring of resist corrosion (right hand)
Wands
 t - a wand of lightning (9/15)
Scrolls
 d - 2 scrolls of remove curse
 j - 2 scrolls of amnesia
 n - 3 scrolls of teleportation {unknown}
 v - 4 scrolls of identify
 x - 3 scrolls of enchant armour
 A - a scroll of noise {unknown}
 B - a scroll of immolation {unknown}
 C - a scroll of acquirement {unknown}
Potions
 g - 3 potions of brilliance {unknown}
 h - 2 potions of heal wounds
 i - a potion of mutation {unknown}
 m - a potion of cancellation {unknown}
 p - a potion of flight {unknown}
 q - 2 potions of magic
 s - 4 potions of curing {unknown}
 w - 2 potions of agility {unknown}
 z - a potion of invisibility {unknown}
Books
 b - a book of Conjurations

   Spells                             Type                      Level
   a - Magic Dart                     Conjuration                  1
   b - Searing Ray                    Conjuration                  2
   c - Dazzling Spray                 Conjuration/Hexes            3
   d - Fulminant Prism                Conjuration/Hexes            4
   e - Force Lance                    Conjuration/Translocation    4
   f - Iskenderun's Mystic Blast      Conjuration                  4
 l - a book of Misfortune

   Spells                             Type                      Level
   a - Confusing Touch                Hexes                        1
   b - Confuse                        Hexes                        3
   c - Gell's Gravitas                Hexes/Translocation          3
   d - Petrify                        Transmutation/Earth          4
   e - Metabolic Englaciation         Hexes/Ice                    5
   f - Yara's Violent Unravelling     Hexes/Transmutation          5
Comestibles
 c - 5 bread rations
 D - a fruit


   Skills:
 - Level 3.0 Short Blades
 - Level 3.1 Dodging
 - Level 3.0 Stealth
 - Level 7.2 Spellcasting
 + Level 5.0 Conjurations
 - Level 6.0 Hexes


You had 11 spell levels left.
You knew the following spells:

 Your Spells              Type           Power        Failure   Level  Hunger
a - Magic Dart            Conj           ###.         1%          1    None
b - Searing Ray           Conj           ###...       1%          2    None
c - Fulminant Prism       Conj/Hex       ####......   14%         4    ###....
d - Confuse               Hex            ####....     2%          3    #......


Dungeon Overview and Level Annotations

Branches:
Dungeon (6/15)
 Temple: D:4-7

Altars:

Annotations:
D:3 Pikel
D:4 w00t's ghost, amateur DDFi


Innate Abilities, Weirdness & Mutations

You are very small and have problems with some larger weapons.
You are too small for most types of armour.
You have supernaturally acute eyesight. (SInv)
You are a herbivore.
You cover ground extremely quickly.
You need consume almost no food.


Message History

The yak is severely wounded.
Your fulminant prism explodes!
The blast of energy engulfs the yak.
You kill the yak!
Your Spellcasting skill increases to level 7!
Your Conjurations skill increases to level 5!
Unknown command.
You start resting.
Magic restored.
There is a stone staircase leading down here.
You climb downwards.
The centaur wields a shortbow.
The centaur shoots an arrow.
The arrow misses you. The black bear bites you!
The black bear closely misses you. The black bear claws you.
The yak completely misses you. The yak gores you!
The centaur shoots an arrow.
The arrow hits you!
* * * LOW HITPOINT WARNING * * *
There is a stone staircase leading up, spattered with blood here.
You see here an arrow.
The centaur shoots an arrow.
The arrow hits you!
You die...

........#
..........##
##..........
#..........######.
#...........c.....
#.............h...
#.................
#......O..........
#.....@Y.#.......
##...hY.##().....
######## .O.....
....### ###...
.### #


You could see 2 yaks, a black bear, an ogre, a centaur and a hound (wandering).

Vanquished Creatures
  Sigmund (D:3)
  A yak (D:5)
  A sky beast (D:5)
  3 slaves
  2 ogres (D:5)
  A bullfrog (D:5)
  2 crimson imps (D:5)
  A quasit (D:5)
  A bullfrog skeleton (D:4)
  A jelly (D:5)
  An orc priest (D:4)
  2 orc wizards
  Jessica (D:3)
  2 worker ants (D:5)
  A hound zombie (D:5)
  A hound skeleton (D:5)
  3 gnolls (D:2)
  6 adders
  A shadow imp (D:5)
  3 worms
  A dart slug (D:3)
  13 orcs
  9 bats
  4 giant cockroaches
  6 goblins
  11 hobgoblins
  2 jackals
  A quokka (D:4)
  4 ball pythons
  6 frilled lizards
  7 kobolds
  A quokka skeleton (D:4)
  7 rats
107 creatures vanquished.

Vanquished Creatures (others)
  20 fulminant prisms
20 creatures vanquished.

Grand Total: 127 creatures vanquished

Notes
Turn   | Place    | Note
-------+----------+-------------------------------------------
     0 | D:1      | FrankyJ the Spriggan Conjurer began the quest for the Orb.
     0 | D:1      | Reached XP level 1. HP: 9/9 MP: 5/5
   216 | D:1      | Reached skill level 3 in Spellcasting
   239 | D:1      | Reached XP level 2. HP: 13/13 MP: 1/7
   317 | D:1      | Reached skill level 1 in Short Blades
   401 | D:1      | Learned a level 2 spell: Searing Ray
   933 | D:1      | Reached XP level 3. HP: 7/16 MP: 0/9
  1425 | D:2      | Reached skill level 4 in Spellcasting
  1526 | D:2      | Reached XP level 4. HP: 21/21 MP: 9/11
  1532 | D:2      | Learned a level 4 spell: Fulminant Prism
  1932 | D:2      | Reached skill level 1 in Hexes
  2610 | D:3      | Noticed Sigmund
  2675 | D:4      | Got an encrusted flail
  2676 | D:4      | Identified the +6 flail "Iplyih" {flame, +Rage MR+} (You found it on level 4 of the Dungeon)
  2740 | D:4      | Noticed w00t's ghost (amateur DDFi)
  2918 | D:3      | Reached XP level 5. HP: 24/24 MP: 10/12
  3097 | D:3      | Killed Sigmund
  3097 | D:3      | Reached skill level 5 in Hexes
  3097 | D:3      | Reached XP level 6. HP: 28/28 MP: 2/13
  3158 | D:3      | Noticed Jessica
  3206 | D:3      | Killed Jessica
  4767 | D:4      | Noticed a slave
  4768 | D:4      | Noticed a slave
  4791 | D:4      | Killed a slave
  4861 | D:4      | Noticed Pikel
  4968 | D:4      | Noticed a slave
  4975 | D:4      | Noticed a slave
  5108 | D:3      | Killed a slave
  5626 | D:4      | Learned a level 3 spell: Confuse
  5835 | D:3      | Killed a slave
  6329 | D:5      | Entered Level 5 of the Dungeon
  6489 | D:5      | Reached XP level 7. HP: 32/32 MP: 10/15
  6657 | D:5      | Reached skill level 5 in Spellcasting
  6945 | D:5      | Reached skill level 6 in Spellcasting
  7536 | D:5      | Reached XP level 8. HP: 34/36 MP: 12/19
  7846 | D:5      | Reached skill level 7 in Spellcasting
  7846 | D:5      | Reached skill level 5 in Conjurations
  7941 | D:6      | Shot with an arrow by a centaur

Vault maps used:
D:1:      dpeg_arrival_pits
D:3:      corexii_shack_village, minmay_misc_feat_four_crosses,
          kennysheep_generic_room_11, uniq_jessica, uniq_sigmund
D:4:      uniq_pikel
D:5:      first_bread
D:6:      grunt_temple_overflow_open, minmay_temple_entry_trees,
          nicolae_ru_sacrificial_ziggurat, uniq_eustachio

Skill      XL: |  1  2  3  4  5  6  7  8 |
---------------+-------------------------+-----
Conjurations   | 3 4 5 |  5.0
Spellcasting   | 3 4 6 7 |  7.2
Short Blades   | 1 2 3 |  3.0
Hexes          | 2 5 6 |  6.0
Dodging        | |  3.1
Stealth        | |  3.0

Action                   |  1- 3 |  4- 6 |  7- 9 || total
-------------------------+-------+-------+-------++-------
Melee: Dagger            |    25 |     2 |       ||    27
       Flail             |       |    43 |     1 ||    44
Throw: Tomahawk          |       |     6 |       ||     6
 Cast: Magic Dart        |    45 |    33 |     2 ||    80
       Searing Ray       |     6 |    43 |    14 ||    63
       Fulminant Prism   |       |     9 |    11 ||    20
 Abil: Evoke Berserk Rag |       |     1 |       ||     1
  Use: Scroll            |     3 |     7 |       ||    10
       Potion            |     1 |     1 |       ||     2
 Stab: Sleeping          |       |     1 |       ||     1
  Eat: Fruit             |       |     3 |       ||     3
       Bread ration      |       |     1 |       ||     1
       Royal jelly       |       |     1 |       ||     1
Armor: Robe              |     6 |    23 |     1 ||    30
Dodge: Dodged            |    38 |   111 |    24 ||   173
